[Event "ICCopen2016"]
[Site "Internet Chess Club"]
[Date "2016.06.04"]
[Round "9"]
[White "Zebbile"]
[Black "The7thGuest"]
[Result "0-1"]
[ICCResult "White forfeits on time"]
[WhiteElo "1748"]
[BlackElo "2105"]
[Opening "King's Indian: London system"]
[ECO "A48"]
[NIC "QP.03"]
[Time "15:34:06"]
[TimeControl "180+0"]

1. Nf3 Nf6 2. d4 g6 3. Bf4 Bg7 4. e3 O-O 5. Be2 d6 6. h3 Nbd7 7. O-O c6 8.
c3 Re8 9. Bh2 Qc7 10. Nbd2 e5 11. dxe5 dxe5 12. Nc4 Ne4 13. Bd3 Nec5 14. Bc2
b5 15. Nd6 Rf8 16. b4 Nb7 17. Ne4 Nb6 18. Bb3 Nc4 19. Qe2 Ncd6 20. Nxd6 Qxd6
21. Rfd1 Qe7 22. Rd2 Be6 23. Rad1 Bxb3 24. axb3 Rad8 25. e4 Qe6 26. c4 Nd6
27. Ng5 Qe7 28. Nf3 h6 29. c5 Nb7 30. Rxd8 Rxd8 31. Rxd8+ Nxd8 32. Qd2 Kf8
33. Qd6 Qxd6 34. cxd6 f6 35. Nd2 Nb7 36. f4 Nxd6 37. fxe5 fxe5 38. Kf2 Kf7
39. Ke3 Ke6 40. g4 Bf8 41. Nf3 Nf7 42. h4 Bxb4 43. h5 gxh5
{White forfeits on time}
0-1

[Event "ICCopen2016"]
[Site "Internet Chess Club"]
[Date "2016.06.04"]
[Round "9"]
[White "Astaneh"]
[Black "Kalmyk"]
[Result "0-1"]
[ICCResult "White checkmated"]
[WhiteElo "2726"]
[BlackElo "2995"]
[Opening "Queen's pawn game"]
[ECO "A46"]
[NIC "QP.06"]
[Time "15:34:31"]
[TimeControl "180+0"]

1. d4 Nf6 2. Nf3 e6 3. g3 d5 4. Bg2 b5 5. O-O Nbd7 6. Nbd2 Bb7 7. Nb3 c5 8.
dxc5 Nxc5 9. Be3 Na4 10. Rb1 Be7 11. Bd2 Rc8 12. Ba5 Qd6 13. c3 Qb8 14. Nbd4
a6 15. e3 O-O 16. Qe2 Rfe8 17. Rfc1 Nc5 18. Bb4 Nce4 19. Bxe7 Rxe7 20. Ne1
Rec7 21. Nd3 Qa7 22. Bh3 Qb6 23. Ne5 Re8 24. Rc2 Qd6 25. Nd3 g6 26. Nf3 Rec8
27. Rbc1 a5 28. a3 Ba6 29. Bf1 Nd7 30. Qe1 Nb6 31. Nd4 Nc4 32. f3 Nc5 33.
Nxc5 Qxc5 34. b4 Qb6 35. Bxc4 Rxc4 36. Nb3 axb4 37. axb4 Bb7 38. Nc5 Bc6 39.
Qd2 Rd8 40. Kf2 e5 41. Ra1 d4 42. cxd4 exd4 43. Rxc4 dxe3+ 44. Qxe3 bxc4 45.
Qc3 Qc7 46. Re1 Qd6 47. Qxc4 Qf6 48. Re2 Qxf3+ 49. Ke1 Qh1+ 50. Kf2 Qg2+ 51.
Ke3 Qf3# {White checkmated} 0-1

[Event "ICCopen2016"]
[Site "Internet Chess Club"]
[Date "2016.06.04"]
[Round "9"]
[White "pawelwaw"]
[Black "bythebook"]
[Result "1-0"]
[ICCResult "Black forfeits on time"]
[WhiteElo "1579"]
[BlackElo "1701"]
[Opening "King's Indian: Makagonov system (5.h3)"]
[ECO "E71"]
[NIC "KI.30"]
[Time "15:34:10"]
[TimeControl "180+0"]

1. d4 Nf6 2. c4 g6 3. Nc3 Bg7 4. e4 d6 5. h3 O-O 6. Bf4 Nc6 7. Nf3 Bd7 8.
Be2 Qe8 9. d5 Nb4 10. O-O c6 11. a3 Na6 12. Rc1 cxd5 13. exd5 Rc8 14. Re1
Qd8 15. Bf1 Re8 16. b4 h6 17. Qd2 Kh7 18. Be3 Ra8 19. Bd3 Nc7 20. Bb1 b6 21.
Ne2 b5 22. c5 Ncxd5 23. Bd4 dxc5 24. Rxc5 a6 25. Ne5 Be6 26. Rc6 Ra7 27.
Bxa7 a5 28. Bd4 axb4 29. axb4 Qb8 30. Rxe6 fxe6 31. Bxg6+ Kg8 32. Bxe8 Qxe8
33. Nf4 Nxf4 34. Qxf4 Qd8 35. Nc6 Qd5 36. Qf3 Qc4 37. Ne5 Qd5 38. Ba1
{Black forfeits on time}
1-0

[Event "ICCopen2016"]
[Site "Internet Chess Club"]
[Date "2016.06.04"]
[Round "9"]
[White "ebochess"]
[Black "K4"]
[Result "0-1"]
[ICCResult "White forfeits on time"]
[WhiteElo "1428"]
[BlackElo "1296"]
[Opening "Queen's pawn: Torre attack"]
[ECO "A46"]
[NIC "QP.04"]
[Time "15:34:12"]
[TimeControl "180+0"]

1. d4 Nf6 2. Nf3 e6 3. Bg5 d5 4. e3 Nbd7 5. c3 Be7 6. Bd3 O-O 7. O-O h6 8.
Bh4 Ne4 9. Bxe7 Qxe7 10. Bxe4 dxe4 11. Nfd2 f5 12. Qb3 b6 13. f3 exf3 14.
Nxf3 Nf6 15. Ne5 Ne4 16. Qc2 Qh4 17. Nd2 Rf6 18. Ndf3 Qh5 19. Qe2 a5 20. c4
Qe8 21. Rac1 Ba6 22. b3 Rc8 23. Rfd1 c5 24. d5 exd5 25. Rxd5 Bb7 26. Rd7 Ba8
27. Rcd1 Nc3 28. Qd2 Nxd1 29. Qxd1 Rf8 30. Qd6 Rd8 31. Nh4 Rxd7 32. Qxd7
Qxd7 33. Nxd7 Rf7 34. Nxb6 Re7 35. Kf2 Be4 36. Nc8 Rd7 37. Ng6 Rd2+ 38. Kg3
Rxa2 39. Nce7+ Kf7 40. Kf4 a4 41. Ke5 axb3 42. Nf4 b2 43. Ned5 b1=Q
{White forfeits on time}
0-1

[Event "ICCopen2016"]
[Site "Internet Chess Club"]
[Date "2016.06.04"]
[Round "9"]
[White "Danyuffa"]
[Black "BlackHorse96"]
[Result "0-1"]
[ICCResult "White forfeits on time"]
[WhiteElo "2203"]
[BlackElo "3146"]
[Opening "Queen's Pawn"]
[ECO "A41"]
[NIC "QO.17"]
[Time "15:33:46"]
[TimeControl "180+0"]

1. d4 d6 2. Nf3 Nf6 3. c4 g6 4. Nc3 Bf5 5. g3 Bg7 6. Bg2 O-O 7. O-O Ne4 8.
Nh4 Nxc3 9. bxc3 Bc8 10. f4 c5 11. e3 Qa5 12. Qb3 Nc6 13. f5 cxd4 14. exd4
gxf5 15. d5 Qc5+ 16. Kh1 Na5 17. Qd1 Nxc4 18. Nxf5 Bxf5 19. Rxf5 Ne3 20.
Bxe3 Qxe3 21. Qh5 Qh6 22. Qe2 Bxc3 23. Raf1 Be5 24. Rh5 Qg7 25. Be4 h6 26.
Rh4 f5 27. Bxf5 Kh8 28. Rg4 Qf7 29. Qg2 Bg7 30. Rgf4 Qh5 31. g4 Qh4 32. R4f3
Rf7 33. Rh3 Qg5 34. Rh5 Qe3 35. Rh3 Qg5 36. Rh5 Qe3 37. Rh3 Qg5 38. Rh5 Qe3
39. Rh3 Qe5 40. Qd2 Rf6 41. Re3 Rxf5 42. Rxe5 Rxf1+ 43. Kg2 Rf7 44. Re2 Raf8
45. Qd3 Be5 46. h4 Rf4 47. Qg6 R4f6 48. Qh5 Kg7 49. g5 hxg5 50. hxg5 Rg6 51.
Re3 Rf5 52. Rg3 Bxg3 53. Qe2 Rfxg5 54. Qxe7+ Kh6 55. Kf3 Be5 56. Qf8+ Rg7
57. Qb8 Kh7 58. Ke4 Rf7 59. Kd3 Rg4 60. Qc8 Rg3+ 61. Ke4 Rgg7 62. Kd3 Rf4
63. Qh3+ Kg8 64. Qe6+ Rgf7 65. Qc8+ Kg7 66. Qd7 Rf3+ 67. Kc2 Rxd7 68. a4
Rc7+ 69. Kb1 Rcc3 70. Kb2 Ra3+ {White forfeits on time} 0-1

[Event "ICCopen2016"]
[Site "Internet Chess Club"]
[Date "2016.06.04"]
[Round "9"]
[White "cstefan"]
[Black "Oblique"]
[Result "1/2-1/2"]
[ICCResult "Black ran out of time and White has no material to mate"]
[WhiteElo "1989"]
[BlackElo "1775"]
[Opening "Scandinavian: Pytel-Wade variation"]
[ECO "B01"]
[NIC "SD.02"]
[Time "15:34:08"]
[TimeControl "180+0"]

1. e4 d5 2. exd5 Qxd5 3. Nc3 Qd6 4. d4 Nf6 5. Nf3 Bg4 6. h3 Bh5 7. Nb5 Qd7
8. Bf4 Na6 9. Ne5 Bxd1 10. Nxd7 Nxd7 11. Rxd1 c6 12. Nc3 Nb4 13. Kd2 O-O-O
14. a3 Nd5 15. Bg3 Nxc3 16. Kxc3 Nb6 17. Be2 e6 18. Bh5 g6 19. Be5 Rg8 20.
Bf3 Be7 21. b3 Nd5+ 22. Kb2 Bf6 23. Bg3 Rd7 24. c3 Rgd8 25. h4 Ne7 26. Kc2
Nf5 27. Be5 Bxe5 28. dxe5 Rxd1 29. Bxd1 Kc7 30. h5 g5 31. h6 Rd5 32. Rh5
Rxe5 33. Rxg5 Ne3+ 34. fxe3 Rxg5 35. Bf3 Rg6 36. Kd3 Rxh6 37. Ke4 f6 38. c4
Kd6 39. b4 b6 40. a4 Rh4+ 41. Kd3 a5 42. b5 c5 43. Kc3 Ke5 44. Kd3 Rh2 45.
Bb7 h5 46. Ke2 Rh4 47. Kd3 Rg4 48. Bf3 Rg3 49. Bb7 h4 50. Ke2 h3 51. gxh3
Rxh3 52. Kd3 Rh2 53. Kc3 Ra2 54. Kb3 Re2 55. e4 Re3+ 56. Kc2 Rxe4 57. Bxe4
Kxe4 58. Kd2 Kd4 59. Ke2 e5 60. Kf3 e4+ 61. Ke2 f5 62. Kf2 f4 63. Ke2 e3 64.
Ke1 Kd3 65. Kf1 Kxc4 66. Ke2 Kb4 67. Kf3 Kxa4 68. Kxf4 Kxb5 69. Kxe3 Kb4 70.
Kd2 Kb3 71. Kc1 Ka2 72. Kc2 a4 73. Kc3 a3 74. Kc4 Kb1 75. Kb5 a2 76. Kxb6
a1=Q 77. Kc6 Qb2 78. Kd5 c4 79. Kd6 c3 80. Kd7
{Black ran out of time and White has no material to mate}
1/2-1/2

[Event "ICCopen2016"]
[Site "Internet Chess Club"]
[Date "2016.06.04"]
[Round "9"]
[White "nevidimka"]
[Black "Fighterman"]
[Result "1-0"]
[ICCResult "Black forfeits on time"]
[WhiteElo "2070"]
[BlackElo "2537"]
[Opening "Trompowsky attack (Ruth, Opocenský opening)"]
[ECO "A45"]
[NIC "QP.07"]
[Time "15:34:18"]
[TimeControl "180+0"]

1. d4 Nf6 2. Bg5 b6 3. Bxf6 exf6 4. e3 Bb7 5. c4 Bb4+ 6. Nc3 O-O 7. Nf3
Bxc3+ 8. bxc3 f5 9. Bd3 g6 10. O-O d6 11. Nd2 Nd7 12. e4 fxe4 13. Bxe4 Bxe4
14. Nxe4 Re8 15. Qf3 Qe7 16. Nd2 c5 17. g3 Qe2 18. Rfd1 Qxf3 19. Nxf3 Nf6
20. a4 Ne4 21. Rd3 Rac8 22. d5 Rb8 23. Kf1 f5 24. Nd2 Nxd2+ 25. Rxd2 Re4 26.
f3 Rxc4 27. Ra3 a6 28. Re2 Kf7 29. Re6 Rd8 30. Ke2 Rd7 31. Kd3 b5 32. axb5
axb5 33. Ra8 Ra4 34. Rb8 b4 35. cxb4 Rxb4 36. Rh8 Rd4+ 37. Ke3 Rxd5 38. Ree8
Re7+ 39. Rxe7+ Kxe7 40. Rxh7+ Ke6 41. Rg7 Kf6 42. Rc7 Rd1 43. f4 Ke6 44. Rg7
c4 45. Rxg6+ Kf7 46. Rg5 Kf6 47. Rg8 d5 48. Ke2 Rd3 49. Rf8+ Ke7 50. Ra8 d4
51. Ra7+ Kd6 52. Ra6+ Kd5 53. Ra5+ Kd6 54. Ra6+ Kd5 55. Ra5+ Kc6 56. Rxf5
Re3+ 57. Kf2 c3 58. Rf6+ Kd5 59. Rf5+ Kc4 60. Rf8 Kd3 61. Rd8 Re2+ 62. Kf3
Rd2 63. f5 c2 64. Rc8 Rd1 65. g4 c1=Q 66. Rxc1 Rxc1 67. g5 Rf1+ 68. Kg4 Rxf5
69. Kxf5 Ke3 70. g6 d3 71. g7 d2 72. g8=Q d1=Q 73. Qg5+ Kf2 74. Qg3+
{Black forfeits on time}
1-0

[Event "ICCopen2016"]
[Site "Internet Chess Club"]
[Date "2016.06.04"]
[Round "9"]
[White "nadalthegreat"]
[Black "HungryFarseer"]
[Result "0-1"]
[ICCResult "White forfeits on time"]
[WhiteElo "1889"]
[BlackElo "1794"]
[Opening "Benko's opening"]
[ECO "A00"]
[NIC "VO.09"]
[Time "15:34:39"]
[TimeControl "180+0"]

1. g3 Nf6 2. Bg2 g6 3. d4 Bg7 4. Nc3 O-O 5. e4 d6 6. h3 Nc6 7. Nf3 e5 8.
dxe5 Nxe5 9. Nxe5 dxe5 10. Qxd8 Rxd8 11. Bg5 c6 12. f4 h6 13. Bh4 Re8 14.
O-O-O Nh5 15. fxe5 Bxe5 16. g4 Nf4 17. Bf3 Be6 18. Bf2 b5 19. a3 a5 20. Kb1
b4 21. Na2 bxa3 22. b3 a4 23. Bd4 Bxd4 24. Rxd4 axb3 25. cxb3 Bxb3 26. Rb4
Be6 27. e5 Nd5 28. Bxd5 Bxd5 29. Rc1 Reb8 30. Rxb8+ Rxb8+ 31. Ka1 Re8 32.
Re1 f6 33. Nc3 Rxe5 34. Rb1 a2 35. Rc1 Bf7 36. h4 Kg7 37. Kb2 Re3 38. Ka1
Rg3 39. g5 fxg5 40. hxg5 Rxg5 41. Kb2 Rg2+ 42. Ka1 h5 43. Rd1 h4 44. Rh1 h3
45. Nd1 h2 46. Nf2 Rxf2 47. Rxh2 Rf1+ 48. Kb2 a1=Q+ 49. Kc2 Qf6 50. Kd3 Rf2
{White forfeits on time}
0-1

[Event "ICCopen2016"]
[Site "Internet Chess Club"]
[Date "2016.06.04"]
[Round "9"]
[White "chessasuke91"]
[Black "MoonlightWizard"]
[Result "1-0"]
[ICCResult "Black resigns"]
[WhiteElo "2732"]
[BlackElo "2883"]
[Opening "French: Winawer, advance, poisoned pawn, Konstantinopolsky variation"]
[ECO "C18"]
[NIC "FR.11"]
[Time "15:35:52"]
[TimeControl "180+0"]

1. e4 e6 2. d4 d5 3. Nc3 Bb4 4. e5 c5 5. a3 Bxc3+ 6. bxc3 Ne7 7. Qg4 Qc7 8.
Qxg7 Rg8 9. Qxh7 cxd4 10. Ne2 Nbc6 11. f4 dxc3 12. Qd3 d4 13. h4 Bd7 14. Rb1
O-O-O 15. h5 Nf5 16. Rg1 Nh6 17. Nxd4 Nxd4 18. Qxd4 b6 19. Rb3 Rg3 20. Bd3
Ba4 21. Qxa4 Qc5 22. Qc4 Qxc4 23. Bxc4 Nf5 24. Bd3 Nh4 25. Kf2 Rdg8 26.
Rxc3+ Kb8 27. Be3 Nf3 28. gxf3 Rxg1 29. Bf1 Rh1 30. Bd4 Rxh5 31. Bd3 Rh2+
32. Ke3 Rh1 33. Ba6 Rd8 34. Ke4 Re1+ 35. Be3 Red1 36. f5 Rh1 37. fxe6 fxe6
38. f4 Rh4 39. Rc6 Rg4 40. Rxe6 Rg2 41. Rc6 b5 42. f5 Rg4+ 43. Bf4 b4 44.
e6+ Ka8 45. axb4 Rb8 46. b5 Rh8 47. e7 Re8 48. Rc8+ Rxc8 49. Bxc8 Rg8 50.
Bd7 {Black resigns} 1-0

[Event "ICCopen2016"]
[Site "Internet Chess Club"]
[Date "2016.06.04"]
[Round "9"]
[White "lmenezes"]
[Black "TitanRivas"]
[Result "0-1"]
[ICCResult "White forfeits on time"]
[WhiteElo "1575"]
[BlackElo "1822"]
[Opening "Trompowsky attack (Ruth, Opocenský opening)"]
[ECO "A45"]
[NIC "QP.07"]
[Time "15:35:43"]
[TimeControl "180+0"]

1. d4 Nf6 2. Bg5 c5 3. d5 Ne4 4. Bc1 d6 5. f3 Nf6 6. Bg5 Qb6 7. Bxf6 gxf6 8.
Qc1 Bg7 9. c4 f5 10. Nc3 O-O 11. e3 e5 12. dxe6 fxe6 13. Be2 Nc6 14. Nh3 Bd7
15. O-O Rad8 16. Nb5 Be8 17. Rd1 Ne5 18. Nf4 Bf7 19. Rd2 a6 20. Nc3 Qb4 21.
Qf1 Ng6 22. Nd3 Qb6 23. Rad1 e5 24. e4 Bxc4 25. exf5 Rxf5 26. Nf2 Bxe2 27.
Qxe2 Nf4 28. Qe4 Rdf8 29. Ng4 h5 30. Ne3 Qxb2 {White forfeits on time} 0-1

[Event "ICCopen2016"]
[Site "Internet Chess Club"]
[Date "2016.06.04"]
[Round "9"]
[White "Skeptic1972"]
[Black "hedgie"]
[Result "1-0"]
[ICCResult "Black resigns"]
[WhiteElo "1431"]
[BlackElo "2021"]
[Opening "English: symmetrical variation"]
[ECO "A33"]
[NIC "EO.32"]
[Time "15:36:27"]
[TimeControl "180+0"]

1. c4 c5 2. Nf3 Nc6 3. d4 cxd4 4. Nxd4 e6 5. Nc3 Nf6 6. g3 a6 7. Bg2 Qc7 8.
O-O h6 9. b3 Bc5 10. e3 O-O 11. Bb2 d6 12. Nxc6 bxc6 13. Na4 Ba7 14. Bxf6
gxf6 15. c5 d5 16. Qd4 Qe5 17. f4 Qxd4 18. exd4 Rb8 19. Rfe1 Rb4 20. Rad1 f5
21. Kf2 Kg7 22. Ke3 Kf6 23. Kd3 h5 24. Kc3 a5 25. a3 Rb8 26. Bf1 h4 27. gxh4
Rh8 28. Re3 Rxh4 29. Rh3 Rxf4 30. Bd3 Bd7 31. Rg1 Rg4 32. Rf1 Rbg8 33. Rh6+
R8g6 34. Rh8 Rg8 35. Rh6+ R4g6 36. Rh7 Ke7 37. Nb2 Bb8 38. h4 Rg3 39. b4 f4
40. bxa5 Ba7 41. Rxf4 Rh3 42. Rfxf7+ Ke8 43. Re7+ Kd8 44. Rxd7+ Kc8 45. Rxa7
{Black resigns}
1-0

[Event "ICCopen2016"]
[Site "Internet Chess Club"]
[Date "2016.06.04"]
[Round "9"]
[White "Optikk"]
[Black "bladerunner020"]
[Result "1-0"]
[ICCResult "Black forfeits on time"]
[WhiteElo "1548"]
[BlackElo "1275"]
[Opening "Sicilian: Najdorf"]
[ECO "B90"]
[NIC "SI.14"]
[Time "15:36:45"]
[TimeControl "180+0"]

1. e4 c5 2. Nf3 d6 3. d4 cxd4 4. Nxd4 Nf6 5. Nc3 a6 6. a4 e6 7. Be2 Qc7 8.
O-O Nc6 9. Be3 Be7 10. Kh1 O-O 11. f4 e5 12. Nf5 Bxf5 13. exf5 Qd7 14. fxe5
Nxe5 15. Nd5 Nxd5 16. Qxd5 Rab8 17. Rad1 Rfd8 18. c4 Rbc8 19. Bb6 Re8 20.
Qxe5 dxe5 21. Rxd7 Bf6 22. Rxb7 Rb8 23. Rxb8 Rxb8 24. c5 Be7 25. Bxa6 h6 26.
b4 Kh7 27. a5 f6 28. b5 h5 29. c6 Bd6 30. Rd1 Be7 31. c7 Rc8 32. Bxc8 g6 33.
Be6 gxf5 34. Rd7 Kg6 35. Rxe7 f4 36. c8=Q h4 37. Qg8+ Kh5 38. Qg4+ Kh6 39.
Rg7 {Black forfeits on time} 1-0

[Event "ICCopen2016"]
[Site "Internet Chess Club"]
[Date "2016.06.04"]
[Round "9"]
[White "Xadrez47"]
[Black "pablopizarro"]
[Result "0-1"]
[ICCResult "White forfeits on time"]
[WhiteElo "1514"]
[BlackElo "1930"]
[Opening "Dutch: Staunton gambit, Staunton's line"]
[ECO "A83"]
[NIC "HD.11"]
[Time "15:37:19"]
[TimeControl "180+0"]

1. d4 f5 2. e4 fxe4 3. Nc3 Nf6 4. Bg5 Nc6 5. Bxf6 exf6 6. d5 Ne5 7. Nxe4 d6
8. Nf3 Be7 9. Nd4 O-O 10. Be2 f5 11. Ng3 f4 12. Ne4 c5 13. Nf3 Bf5 14. Nxe5
Bxe4 15. Nf3 Bf6 16. c3 g5 17. O-O g4 18. Nd2 Bxg2 19. Bxg4 Bxf1 20. Be6+
Kh8 21. Kxf1 f3 22. Qc2 Bg7 23. Ne4 Qh4 24. Ke1 Qxh2 25. Kd2 Bh6+ 26. Kd3
c4+ 27. Kxc4 b5+ 28. Kb3 a5 29. a4 bxa4+ 30. Rxa4 Rab8+ 31. Ka2 Rb5 32. Nxd6
Qxd6 33. Qd3 Rfb8 34. b4 axb4 35. Ra7 Bg7 36. Rxg7 Kxg7 37. Qd4+ Kf8 38.
Qf6+ Ke8 39. Bf7+ Kf8 40. Qxd6+ Kxf7 41. Qd7+ Kf6 42. Qe6+ Kg5 43. Qe5+ Kg4
44. Qe4+ Kh3 45. Qxf3+ Kh2 46. Qg3+ Kh1 47. Qf3+ Kg1 48. Qg3+ Kf1 49. Qd3+
Ke1 50. c4 b3+ 51. Kb2 Rb4 {White forfeits on time} 0-1

[Event "ICCopen2016"]
[Site "Internet Chess Club"]
[Date "2016.06.04"]
[Round "9"]
[White "bennywins"]
[Black "Desotojags"]
[Result "0-1"]
[ICCResult "White forfeits on time"]
[WhiteElo "1205"]
[BlackElo "1411"]
[Opening "QGD Slav: 4.Nc3"]
[ECO "D15"]
[NIC "SL.03"]
[Time "15:36:48"]
[TimeControl "180+0"]

1. d4 d5 2. c4 c6 3. Nc3 Nf6 4. Nf3 Bf5 5. Bf4 e6 6. h3 Bd6 7. Bxd6 Qxd6 8.
Nh4 Bg6 9. Nxg6 fxg6 10. c5 Qd7 11. e3 O-O 12. Bd3 Na6 13. a3 Nc7 14. O-O
Rae8 15. f4 Ne4 16. Nxe4 dxe4 17. Bxe4 Nd5 18. Bxd5 exd5 19. Re1 Re4 20. Qd3
Rfe8 21. Re2 Qf5 22. Rd1 g5 23. fxg5 Qxg5 24. Kh1 Qg3 25. Rde1 R8e6 26. b4
Rf6 27. b5 Rf2 28. Rxf2 Qxf2 29. Re2 Qf1+ 30. Kh2 Qf5 31. bxc6 bxc6 32. Qa6
h6 33. Qb7 Qg5 34. Qxc6 Rxe3 35. Rxe3 Qxe3 36. Qc8+ Kh7 37. Qf5+ Kh8 38.
Qc8+ Kh7 39. Qf5+ Kg8 40. Qc8+ Kh7 41. Qf5+ Kg8 42. Qc8+ Kf7 43. Qd7+ Kf6
44. Qd6+ Kg5 45. Qd8+ Kg6 46. Qd6+ Kf7 {White forfeits on time} 0-1

[Event "ICCopen2016"]
[Site "Internet Chess Club"]
[Date "2016.06.04"]
[Round "10"]
[White "jbow79"]
[Black "kolding"]
[Result "0-1"]
[ICCResult "White resigns"]
[WhiteElo "948"]
[BlackElo "1685"]
[Opening "Queen's pawn game"]
[ECO "A46"]
[NIC "QP.06"]
[Time "15:45:18"]
[TimeControl "180+0"]

1. d4 Nf6 2. Nf3 e6 3. g3 c5 4. c3 cxd4 5. cxd4 Bb4+ 6. Nc3 O-O 7. Bg2 d5 8.
O-O Nc6 9. a3 Ba5 10. b4 Bc7 11. Bb2 Qe7 12. e4 dxe4 13. Ne5 Rd8 14. Nxe4
Nxe5 15. Nxf6+ gxf6 16. d5 Nc4 17. Qd4 Nxb2 18. Qxb2 Be5 {White resigns} 0-1

[Event "ICCopen2016"]
[Site "Internet Chess Club"]
[Date "2016.06.04"]
[Round "10"]
[White "SuperGMBobbyF"]
[Black "hawkstorm"]
[Result "1-0"]
[ICCResult "Black checkmated"]
[WhiteElo "1273"]
[BlackElo "1528"]
[Opening "Vienna game"]
[ECO "C25"]
[NIC "VG.04"]
[Time "15:45:09"]
[TimeControl "180+0"]

1. e4 e5 2. Nc3 f5 3. f4 exf4 4. Nf3 fxe4 5. Bc4 exf3 6. O-O Bc5+ 7. d4 fxg2
8. Rxf4 Bb6 9. Bf7+ Ke7 10. Qe2+ Kd6 11. Ne4+ Kc6 12. Qc4+ Bc5 13. Qxc5#
{Black checkmated}
1-0

[Event "ICCopen2016"]
[Site "Internet Chess Club"]
[Date "2016.06.04"]
[Round "10"]
[White "mdrasko"]
[Black "geemurfi"]
[Result "1-0"]
[ICCResult "Black resigns"]
[WhiteElo "2429"]
[BlackElo "1861"]
[Opening "Nimzo-Indian: classical variation"]
[ECO "E32"]
[NIC "NI.24"]
[Time "15:45:15"]
[TimeControl "180+0"]

1. d4 Nf6 2. c4 e6 3. Nc3 Bb4 4. Qc2 Bxc3+ 5. Qxc3 b6 6. Bg5 h6 7. Bh4 d6 8.
f3 Nbd7 9. e4 e5 10. Nh3 O-O 11. dxe5 dxe5 12. Bg3 Qe8 13. Be2 c5 14. O-O
Qe7 15. Nf2 Nb8 16. Qxe5 Nc6 17. Qxe7 Nxe7 18. Bd6 Re8 19. Bxe7 Rxe7 20.
Rfd1 {Black resigns} 1-0

[Event "ICCopen2016"]
[Site "Internet Chess Club"]
[Date "2016.06.04"]
[Round "10"]
[White "Barbos"]
[Black "zelog"]
[Result "1-0"]
[ICCResult "Black resigns"]
[WhiteElo "2556"]
[BlackElo "2125"]
[Opening "English: symmetrical, Benoni formation"]
[ECO "A31"]
[NIC "EO.46"]
[Time "15:45:06"]
[TimeControl "180+0"]

1. d4 Nf6 2. c4 c5 3. Nf3 cxd4 4. Nxd4 e5 5. Nb5 d5 6. cxd5 Bc5 7. N5c3 O-O
8. g3 e4 9. Bg2 Bf5 10. O-O Nbd7 11. Bg5 h6 12. Bxf6 Nxf6 13. e3 Qe7 14. Nd2
Rfd8 15. Qc2 Rac8 16. Ndxe4 Nxe4 17. Bxe4 Bh3 18. Rfd1 Qf6 19. Bg2 Bb4 20.
Bxh3 {Black resigns} 1-0

[Event "ICCopen2016"]
[Site "Internet Chess Club"]
[Date "2016.06.04"]
[Round "10"]
[White "EeEk"]
[Black "Oblique"]
[Result "1-0"]
[ICCResult "Black resigns"]
[WhiteElo "1879"]
[BlackElo "1763"]
[Opening "QGD Slav defense"]
[ECO "D10"]
[NIC "SL.01"]
[Time "15:45:26"]
[TimeControl "180+0"]

1. d4 d5 2. c4 c6 3. Nc3 Nf6 4. e3 Bf5 5. Qb3 Qb6 6. Qxb6 axb6 7. cxd5 cxd5
8. Bb5+ Nbd7 9. Nf3 e6 10. Ne5 Bd6 11. f4 Ke7 12. O-O Ne4 13. Nxd7 Nxc3 14.
bxc3 Ra5 15. a4 Rha8 16. Nxb6 R8a7 17. Nc8+ {Black resigns} 1-0

[Event "ICCopen2016"]
[Site "Internet Chess Club"]
[Date "2016.06.04"]
[Round "10"]
[White "leonardoalmeida"]
[Black "takes-takes"]
[Result "1-0"]
[ICCResult "Black checkmated"]
[WhiteElo "1738"]
[BlackElo "837"]
[Opening "Van't Kruijs opening"]
[ECO "A00"]
[Time "15:45:14"]
[TimeControl "180+0"]

1. e3 e5 2. b3 d5 3. Qh5 Nc6 4. Bb5 Bd6 5. Bb2 Nf6 6. Qg5 O-O 7. f3 a6 8.
Be2 h6 9. Qg3 e4 10. f4 Bc5 11. a3 d4 12. Nh3 d3 13. cxd3 exd3 14. Bf3 Bf5
15. Nc3 Re8 16. O-O Qd7 17. Rfe1 b5 18. b4 Bb6 19. Nd5 Nxd5 20. Qxg7#
{Black checkmated}
1-0

[Event "ICCopen2016"]
[Site "Internet Chess Club"]
[Date "2016.06.04"]
[Round "10"]
[White "SeniorNapa"]
[Black "eternalwarrior"]
[Result "1-0"]
[ICCResult "Black resigns"]
[WhiteElo "1844"]
[BlackElo "1436"]
[Opening "QGA: 3.e4"]
[ECO "D20"]
[NIC "QG.04"]
[Time "15:45:18"]
[TimeControl "180+0"]

1. d4 d5 2. c4 dxc4 3. e4 e5 4. Nf3 exd4 5. Bxc4 Nc6 6. O-O Bg4 7. Nbd2 Nf6
8. h3 Bh5 9. Re1 Ne5 10. Qa4+ Ned7 11. e5 Bxf3 12. Nxf3 Nh5 13. e6 fxe6 14.
Rxe6+ Be7 15. Bg5 Nf6 16. Rae1 {Black resigns} 1-0

[Event "ICCopen2016"]
[Site "Internet Chess Club"]
[Date "2016.06.04"]
[Round "10"]
[White "florish"]
[Black "Ancient"]
[Result "0-1"]
[ICCResult "White resigns"]
[WhiteElo "1951"]
[BlackElo "2104"]
[Opening "QGD: Orthodox defense, 7.Rc1"]
[ECO "D63"]
[NIC "QO.11"]
[Time "15:45:52"]
[TimeControl "180+0"]

1. d4 e6 2. Nf3 d5 3. c4 Nf6 4. Nc3 Nbd7 5. Bg5 Be7 6. e3 O-O 7. Rc1 Re8 8.
cxd5 exd5 9. Bd3 c6 10. O-O Nf8 11. Qc2 Ng6 12. h3 Bd6 13. a3 h6 14. Bxf6
Qxf6 15. Bxg6 fxg6 16. Nh2 Bf5 17. Qe2 Re7 18. Na4 Qxd4 19. Rfd1 Qxa4
{White resigns}
0-1

[Event "ICCopen2016"]
[Site "Internet Chess Club"]
[Date "2016.06.04"]
[Round "10"]
[White "hhex"]
[Black "danvenez"]
[Result "1-0"]
[ICCResult "Black checkmated"]
[WhiteElo "1616"]
[BlackElo "1514"]
[Opening "QGD Slav: 3.Nf3"]
[ECO "D11"]
[NIC "SL.01"]
[Time "15:45:16"]
[TimeControl "180+0"]

1. d4 d5 2. c4 c6 3. Nf3 Nd7 4. e3 Ngf6 5. Nc3 dxc4 6. Bxc4 b5 7. Bd3 e6 8.
O-O Bb7 9. e4 a5 10. e5 Nd5 11. Nxd5 exd5 12. Re1 Be7 13. e6 fxe6 14. Rxe6
O-O 15. Qe2 Bf6 16. Bd2 Qc7 17. Rc1 Rae8 18. Bxb5 Rxe6 19. Qxe6+ Rf7 20.
Bxc6 Bxc6 21. Rxc6 Qd8 22. h3 Kf8 23. Ra6 Re7 24. Qd6 Qb8 25. Bxa5 Qxd6 26.
Rxd6 Nb8 27. Rxd5 Nc6 28. Bb6 Rb7 29. Bc5+ Kf7 30. b3 Ne7 31. Ne5+ Kf8 32.
Rd8# {Black checkmated} 1-0

[Event "ICCopen2016"]
[Site "Internet Chess Club"]
[Date "2016.06.04"]
[Round "10"]
[White "cyborg86"]
[Black "manneredmonkey"]
[Result "1-0"]
[ICCResult "Black resigns"]
[WhiteElo "2057"]
[BlackElo "1686"]
[Opening "Pirc: classical, h3 system"]
[ECO "B08"]
[NIC "PU.10"]
[Time "15:45:50"]
[TimeControl "180+0"]

1. e4 d6 2. d4 Nf6 3. Nc3 g6 4. Nf3 Bg7 5. h3 b6 6. Be2 Bb7 7. Bd3 Nbd7 8.
Bg5 h6 9. Be3 e5 10. Qd2 exd4 11. Nxd4 Ne5 12. O-O-O Qe7 13. f4 Nxd3+ 14.
cxd3 O-O-O 15. Ndb5 Kb8 16. Kb1 a6 17. Nd4 Nd7 18. Nf3 Nc5 19. Rc1 Rhe8 20.
Rhd1 f5 21. Bxc5 dxc5 22. exf5 Rxd3 23. Qxd3 Bxc3 24. Qxc3 gxf5 25. Ne5 Be4+
26. Ka1 Kb7 27. Re1 Qh7 28. Rcd1 Re7 29. Qc4 Bxg2 30. Rg1 Be4 31. Rge1 Bg2
32. Rd2 Qg7 33. Qc2 Be4 34. Rxe4 fxe4 35. Qxe4+ Ka7 36. Nc6+ Ka8 37. Nxe7+
Ka7 38. Nc6+ Ka8 39. Nd8+ {Black resigns} 1-0

[Event "ICCopen2016"]
[Site "Internet Chess Club"]
[Date "2016.06.04"]
[Round "10"]
[White "Imaneverwas"]
[Black "DukeBishop"]
[Result "0-1"]
[ICCResult "White resigns"]
[WhiteElo "1695"]
[BlackElo "1627"]
[Opening "English opening"]
[ECO "A20"]
[NIC "EO.24"]
[Time "15:44:58"]
[TimeControl "180+0"]

1. c4 e5 2. g3 Nc6 3. Bg2 Nge7 4. Nc3 g6 5. d3 Bg7 6. e4 O-O 7. Nge2 f5 8.
O-O d6 9. f4 Kh8 10. Be3 Bd7 11. Qd2 Nd4 12. fxe5 dxe5 13. Bh6 c6 14. Nxd4
exd4 15. Bxg7+ Kxg7 16. Ne2 c5 17. Nf4 Rb8 18. Rae1 fxe4 19. Rxe4 Nf5 20.
Nd5 b5 21. b3 bxc4 22. bxc4 Bc6 23. Re6 Bxd5 24. Bxd5 Ne3 25. Rxf8 Qxf8 26.
Qf2 Rb1+ {White resigns} 0-1